 Dungeon Crawl Stone Soup version 0.24.0-35-gdb84b6a5db (webtiles) character file.

Game seed: 7454951055727456673, levelgen mode: deterministic

42 poire the Sneak (level 3, 0/16 HPs)
             Began as a Spriggan Enchanter on Nov 20, 2019.
             Succumbed to a goblin's poison
             ... on level 1 of the Dungeon.
             The game lasted 00:01:22 (1596 turns).

poire the Sneak (Spriggan Enchanter)                Turns: 1596, Time: 00:01:22

Health: 0/16       AC:  2    Str:  4    XL:     3   Next: 33%
Magic:  9/9        EV: 18    Int: 16    God:
Gold:   49         SH:  0    Dex: 17    Spells: 6/9 levels left

rFire    . . .     SeeInvis +   a - +1 dagger
rCold    . . .     Gourm    .   (shield restricted)
rNeg     . . .     Faith    .   b - +0 robe
rPois    .         Spirit   .   (helmet restricted)
rElec    .         Reflect  .   (no cloak)
rCorr    .         Harm     .   (gloves unavailable)
MR       .....                  (boots unavailable)
Stlth    +++.......             (no amulet)
HPRegen  0.05/turn              (no ring)
MPRegen  0.11/turn              (no ring)

@: lethally poisoned (0 -> -11), very quick
A: very small, unfitting armour, see invisible, herbivore, speed 3, slow
metabolism 2
a: no special abilities


You were on level 1 of the Dungeon.
You were not hungry.

You visited 1 branch of the dungeon, and saw 1 of its levels.

You collected 49 gold pieces.

Inventory:

Hand Weapons
 a - a +1 dagger (weapon)
 h - a +1 dagger of venom
Missiles
 f - 25 poisoned darts (quivered)
 g - 7 javelins
Armour
 b - a +0 robe (worn)
Comestibles
 d - 3 rations


   Skills:
 - Level 1.1 Short Blades
 - Level 3.0 Dodging
 - Level 6.1 Stealth
 + Level 3.6 Spellcasting
 - Level 3.6 Hexes


You had 6 spell levels left.
You knew the following spells:

 Your Spells              Type           Power        Failure   Level  Hunger
a - Corona                Hex            ##.....      4%          1    None
b - Ensorcelled Hibernat  Hex/Ice        #.....       13%         2    ##.....

Your spell library contained the following spells:

 Spells                   Type           Power        Failure   Level  Hunger
 Confuse                  Hex            ##......     12%         3    ###....
 Tukima's Dance           Hex            ##......     12%         3    ###....
 Dazzling Spray           Conj/Hex       #.....       26%         3    ###....


Dungeon Overview and Level Annotations

Branches:
Dungeon (1/15)

Altars:


Innate Abilities, Weirdness & Mutations

You are very small and have problems with some larger weapons.
You are too small for most types of armour.
You have supernaturally acute eyesight. (SInv)
You are a herbivore.
You cover ground extremely quickly.
You need to consume almost no food.


Message History

Really abort (and waste the scroll)?
Okay, then.
You feel sick.
You feel sick.
You feel sick.
You feel sick.
A rat comes into view.
* * * LOW HITPOINT WARNING * * *
You feel sick.
You aren't carrying any potions.
You aren't carrying any scrolls.
* * * LOW HITPOINT WARNING * * *
You feel sick.
* * * LOW HITPOINT WARNING * * *
You feel sick.
You see here 12 gold pieces.
* * * LOW HITPOINT WARNING * * *
You feel sick.
A frilled lizard comes into view.
You die...

##.## .# #...####
####.##### #....(..
#######
#...%.)...##...#### #..
..# #.#.............#
#.# #.#
#.#...........#.#
#.###.###.#..#
##.###.#(#
#######.##>..##.#..# #
#.#.#
..รท...$....#....@..#
#.#.#
#####.#.##..$.#.........
#.#.#
#.#.###.#.###.......
..#.# #.#)# #.#.#
.###### ###.# ### #.#)#
#.#.# .# #####.# ..#
#.#.# #.#.# .# #.....#
..###.#.# #.#.# #l
#.##### ........# #.#.#
# #.# ..###.### #r#..
#.#


You could see a frilled lizard (sleeping).

Vanquished Creatures
  A gnoll (D:1)
  An ooze (D:1)
  A giant cockroach (D:1)
  3 goblins (D:1)
  4 hobgoblins (D:1)
  3 jackals (D:1)
  5 bats (D:1)
  3 kobolds (D:1)
  5 rats (D:1)
26 creatures vanquished.

Notes
Turn   | Place    | Note
-------+----------+-------------------------------------------
     0 | D:1      | poire the Spriggan Enchanter began the quest for the Orb.
     0 | D:1      | Reached XP level 1. HP: 9/9 MP: 5/5
   205 | D:1      | Reached skill level 5 in Stealth
   349 | D:1      | Reached XP level 2. HP: 12/13 MP: 6/6
   616 | D:1      | Reached skill level 6 in Stealth
   696 | D:1      | Learned a level 2 spell: Ensorcelled Hibernation
  1190 | D:1      | Reached XP level 3. HP: 16/16 MP: 5/8
  1596 | D:1      | Succumbed to a goblin's poison

Levels and vault maps discovered:
D:1:      minmay_arrival_loop, layout_loops_ring

Skill      XL: |  1  2 |
---------------+-------+-----
Stealth        | 5 6 |  6.1
Spellcasting   | 3 |  3.6
Short Blades   | |  1.1
Dodging        | |  3.0
Hexes          | |  3.6

Action                   || total
-------------------------++-------
Melee: Dagger            ||   147
 Cast: Ensorcelled Hiber ||     8
  Use: Scroll            ||     2
 Stab: Sleeping          ||     8
Armor: Robe              ||    14
Dodge: Dodged            ||   149
